 Dungeon Crawl Stone Soup version 0.18-a0-1155-g296dcbc (console) character file.

234 FIQ the Covered (level 6, 0/76 HPs)
             Began as a Hill Orc Monk on Jan 23, 2016.
             Slain by a mummy (9 damage)
             ... in an ossuary.
             The game lasted 00:07:52 (2611 turns).

FIQ the Covered (Hill Orc Monk)                     Turns: 2611, Time: 00:07:52

Health: 0/76       AC: 23    Str: 14    XL:     6   Next: 5%
Magic:  15/15      EV:  2    Int: 10    God:
Gold:   119        SH:  0    Dex: 15    Spells: 0 memorised, 5 levels left

rFire  . . .     SeeInvis .     j - +4 dagger
rCold  . . .     Gourm    .     (armour currently unavailable)
rNeg   + + +     Faith    .     (no shield)
rPois  +         Spirit   .     (helmet currently unavailable)
rElec  .         Dismiss  .     (cloak currently unavailable)
rCorr  .         Reflect  .     (gloves currently unavailable)
SustAt +         Harm     .     (boots currently unavailable)
MR     .....     NoTele   +     (no amulet)
Stlth  ++........               i - ring of sustain attributes
                                k - ring of magical power

@: tree-form (expiring), not resistant to hostile enchantments, unstealthy
A: no striking features
a: no special abilities


You were in an ossuary.
You were not hungry.
You were a tree.
You visited 1 branch of the dungeon, and saw 4 of its levels.
You also visited: Sewer and Ossuary.

You collected 119 gold pieces.

Inventory:

Hand Weapons
 j - a +4 dagger (weapon)
Armour
 r - a +0 chain mail (melded)
 t - a +1 pair of boots (melded)
Jewellery
 i - a ring of sustain attributes (right branch)
 k - a ring of magical power (left branch)
Wands
 q - a wand of random effects (24/48)
 u - a wand of slowing (27/48)
Scrolls
 a - 2 scrolls of identify
 d - 2 scrolls of teleportation
 e - a scroll of remove curse
 g - a scroll of noise
Potions
 c - 3 potions of flight
 n - a potion of resistance
Comestibles
 b - 4 bread rations
 h - 7 chunks of flesh
 l - a meat ration


   Skills:
 - Level 3.6 Fighting
 + Level 6.2 Armour
 - Level 2.4 Dodging
 - Level 1.5 Stealth
 - Level 4.3 Unarmed Combat


You had 5 spell levels left.
You didn't know any spells.

Dungeon Overview and Level Annotations

Branches:
Dungeon (4/15)
 Temple: D:4-7

Altars:
Cheibriados


Message History

The mummy hits you but does no damage.
You hit the mummy but do no damage.
The mummy is severely damaged.
The mummy barely misses you.
Okay, then.
You hit the mummy.
The mummy is severely damaged.
The mummy hits you but does no damage.
Okay, then.
You hit the mummy.
The mummy is severely damaged.
The mummy hits you but does no damage. x2
Okay, then.
You hit the mummy.
The mummy is almost destroyed.
The mummy completely misses you.
You hit the mummy.
The mummy is almost destroyed.
The mummy hits you!
You die...

#########
#+#.......###
.....^......##
......^.M....#
.....∩^♣.....#
........M....#
............##
#+#.......###
#########


You could see 2 mummies.

Vanquished Creatures
  A centaur skeleton (D:4)
  A mummy (Ossuary)
  2 gnolls (D:4)
  3 adders
  3 river rats (D:3)
  6 oozes
  6 worms
  A giant gecko (Sewer)
  3 orcs
  2 ball pythons
  14 bats
  5 giant cockroaches
  7 goblins
  3 hobgoblins
  8 jackals
  A quokka (D:3)
  A giant newt (Sewer)
  3 kobolds
  4 rats
74 creatures vanquished.

Notes
Turn   | Place    | Note
--------------------------------------------------------------
     0 | D:1      | FIQ the Hill Orc Monk began the quest for the Orb.
     0 | D:1      | Reached XP level 1. HP: 19/19 MP: 1/1
    53 | D:1      | Reached skill level 1 in Armour
   466 | D:1      | Reached XP level 2. HP: 24/26 MP: 2/2
   770 | D:2      | Reached XP level 3. HP: 29/31 MP: 3/3
   872 | D:3      | Reached XP level 4. HP: 10/39 MP: 4/4
   907 | D:3      | Found a glowing drain.
  1227 | Sewer    | Entered a sewer
  1749 | Sewer    | Reached XP level 5. HP: 38/45 MP: 5/5
  1766 | Sewer    | Reached skill level 5 in Armour
  2414 | D:4      | Found a snail-covered altar of Cheibriados.
  2479 | D:4      | Reached skill level 6 in Armour
  2578 | D:4      | Found a sand-covered staircase.
  2583 | Ossuary  | Entered an ossuary
  2598 | Ossuary  | Reached XP level 6. HP: 30/51 MP: 6/6
  2611 | Ossuary  | Slain by a mummy

Vault maps used:
D:1:      minmay_arrival_up_and_down, serial_curves, eino_curves_02,
          eino_curves_03, hangedman_abyss_or_decor_stabs
D:3:      portal_sewer_entry_e, first_bread, grunt_decor_mini_mirrors
D:4:      cheibriados_altar_wand_db, serial_shops, kennysheep_little_box,
          enter_ossuary_2, grunt_ministairs_8
Sewer:    sewer_fruit_machine
Ossuary:  ossuary_the_hunt_dpeg

Action                   |  1- 3 |  4- 6 || total
-------------------------+-------+-------++-------
Melee: Unarmed           |    27 |       ||    27
       Dagger            |    98 |   256 ||   354
  Use: Potion            |       |     6 ||     6
       Scroll            |       |     7 ||     7
 Stab: Invisible         |       |     1 ||     1
  Eat: Chunk             |       |     7 ||     7
